 Dungeon Crawl Stone Soup version 0.17.2-1-ge4368a0 (webtiles) character file.

65 Goblin1989 the Insei (level 3, -9/29 HPs)
             Began as a Demonspawn Monk on Nov 4, 2016.
             Killed by divine providence
             ... invoked by an orc priest
              (11 damage)
             ... on level 3 of the Dungeon.
             The game lasted 00:04:40 (2025 turns).

Goblin1989 the Insei (Demonspawn Monk)              Turns: 2025, Time: 00:04:40

Health: -9/29      AC:  3    Str: 12    XL:     3   Next: 94%
Magic:  0/3        EV: 13    Int: 11    God:
Gold:   99         SH:  0    Dex: 15    Spells: 0 memorised, 2 levels left

rFire  . . .     SeeInvis .       - Unarmed
rCold  . . .     Clarity  .     a - +0 robe
rNeg   . . .     SustAt   .     (no shield)
rPois  .         Gourm    .     (no helmet)
rElec  .         Spirit   +     (no cloak)
rCorr  .         Warding  .     i - +0 pair of gloves
rMut   .         Stasis   .     (no boots)
MR     .....                    (no amulet)
Stlth  ++........               (no ring)
                                (no ring)

@: not resistant to hostile enchantments, unstealthy
A: magic shield
a: no special abilities


You were on level 3 of the Dungeon.
You were not hungry.

You visited 1 branch of the dungeon, and saw 3 of its levels.

You collected 99 gold pieces.

Inventory:

Armour
 a - a +0 robe (worn)
 i - a +0 pair of gloves (worn)
Scrolls
 c - a scroll of enchant weapon {unknown}
 e - 3 scrolls of teleportation {unknown}
 f - 2 scrolls of remove curse {unknown}
 j - a scroll of identify {unknown}
Potions
 g - a potion of curing {@q1}
 m - a potion of haste {unknown}
Comestibles
 b - a bread ration {@e1}
 d - a meat ration {@e2}
 h - a beef jerky
 k - a chunk of flesh {@w0}
 l - a royal jelly


   Skills:
 - Level 3.0 Fighting
 - Level 2.6 Dodging
 - Level 1.7 Stealth
 + Level 5.0 Unarmed Combat


You had 2 spell levels left.
You didn't know any spells.

Dungeon Overview and Level Annotations

Branches:
Dungeon (3/15)

Altars:
Kikubaaqudgha


Innate Abilities, Weirdness & Mutations

When hurt, damage is shared between your health and your magic reserves.


Message History

You hit the orc priest.
The orc priest is heavily wounded.
The orc priest hits you with a mace.
* * * LOW HITPOINT WARNING * * *
You take 3 damage, and have 8/29 hp.
You hit the orc priest.
The orc priest is almost dead.
You closely miss the orc priest.
The orc priest is almost dead.
The orc closely misses you. The orc priest hits you with a mace.
* * * LOW HITPOINT WARNING * * *
You take 3 damage, and have 5/29 hp.
You now have 1/3 mp.
You hit the orc but do no damage. The orc barely misses you.
The orc priest hits you with a mace.
* * * LOW HITPOINT WARNING * * *
You take 3 damage, and have 2/29 hp.
You hit the orc but do no damage. The orc completely misses you.
The orc priest invokes the aid of Beogh against you.
Something smites you!
You die... .█ .█ █ █ ███ .████▲████ █.. .█.......█ █o█ .........█ █o█ █.......†█ █o█ █....)...█ █@██████

██.██....█ █████.o....█
....█....███.. ▲......█
██..█.....██[███......█
█....███.██.█........█
█.█..█<..........%...█
█.█..██.███.██.......█
█.█.....█ █....███████
█.█..████


██████ You could see an orc priest and 3 orcs.

Vanquished Creatures
  An adder (D:2)
  A giant gecko (D:1)
  3 bats (D:2)
  8 hobgoblins
  3 jackals (D:2)
  A ball python (D:2)
  4 giant cockroaches
  3 giant newts
  10 goblins
  9 kobolds
  10 rats
53 creatures vanquished.

Notes
Turn   | Place    | Note
--------------------------------------------------------------
     0 | D:1      | Goblin1989 the Demonspawn Monk began the quest for the Orb.
     0 | D:1      | Reached XP level 1. HP: 18/18 MP: 1/1
   202 | D:1      | Reached skill level 4 in Unarmed Combat
   367 | D:1      | Gained mutation: When hurt, damage is shared between your health and your magic reserves. [demonic ancestry]
   367 | D:1      | Reached XP level 2. HP: 18/24 MP: 2/2
  1003 | D:2      | Reached XP level 3. HP: 29/29 MP: 1/3
  1028 | D:2      | Found an ancient bone altar of Kikubaaqudgha.
  1711 | D:2      | Reached skill level 5 in Unarmed Combat
  1816 | D:2      | Found a faded altar to an unknown god.
  2025 | D:3      | Killed from afar by an orc priest

Action                   || total
-------------------------++-------
Melee: Unarmed           ||   207
  Use: Potion            ||     2
 Stab: Sleeping          ||     6
  Eat: Chunk             ||     4

Vault maps used:
D:1:      dpeg_arrival_prison
D:2:      nicolae_overflow_crystal_walls, ecumenical_altar_1, serial_glass,
          glass_columns_a, glass_columns_a
D:3:      first_bread
